 Dungeon Crawl Stone Soup version 0.24-a0-282-g1a68c91 (webtiles) character file.

Game seed: 7127326451396062404

63 Lanoc the Chopper (level 3, 0/31 HPs)
             Began as a Draconian Gladiator on May 3, 2019.
             Killed from afar by Sigmund (4 damage)
             ... with a puff of flame
             ... on level 3 of the Dungeon.
             The game lasted 00:01:27 (659 turns).

Lanoc the Chopper (Draconian Gladiator)              Turns: 659, Time: 00:01:27

Health: 0/31       AC:  5    Str: 16    XL:     3   Next: 87%
Magic:  3/3        EV: 13    Int: 10    God:
Gold:   57         SH:  0    Dex: 11    Spells: 2/2 levels left

rFire    . . .     SeeInvis .   a - +0 war axe
rCold    . . .     Gourm    .   (no shield)
rNeg     . . .     Faith    .   (armour unavailable)
rPois    .         Spirit   .   b - +0 hat
rElec    .         Reflect  .   (no cloak)
rCorr    .         Harm     .   (no gloves)
MR       .....                  (no boots)
Stlth    +.........             (no amulet)
HPRegen  0.10/turn              (no ring)
MPRegen  0.08/turn              (no ring)

@: confused
A: unfitting armour, clever 1, clumsy 1, deterioration 1, evolution 1,
cold-blooded, AC +5
a: no special abilities


You were on level 3 of the Dungeon.
You were not hungry.

You visited 1 branch of the dungeon, and saw 3 of its levels.

You collected 57 gold pieces.

Inventory:

Hand Weapons
 a - a +0 war axe (weapon)
Armour
 b - a +0 hat (worn)
Scrolls
 f - a scroll of magic mapping {unknown}
 g - a scroll of immolation {unknown}
Comestibles
 d - 3 rations


   Skills:
 + Level 3.0 Fighting
 * Level 4.0 Axes
 - Level 1.7 Throwing
 + Level 3.1 Dodging


You had 2 spell levels left.
You didn't know any spells.
Your spell library was empty.

Dungeon Overview and Level Annotations

Branches:
Dungeon (3/15)

Altars:

Annotations:
D:3 Sigmund


Innate Abilities, Weirdness & Mutations

Your plain brown scales are hard. (AC +5)
You cannot fit into any form of body armour.
You are cold-blooded and may be slowed by cold attacks.
Your mind is acute. (Int +2)
You are clumsy. (Dex -2)
Your body sometimes deteriorates upon taking damage.
You evolve.


Message History

You hear some strange, mumbled words.
A puff of flame appears from out of thin air!
The puff of flame hits you!
* * * LOW HITPOINT WARNING * * *
Something wriggles in the net.
You bump into the rock wall.
You bump into the rock wall.
Something wriggles in the net.
All of a sudden the net rips apart!
You bump into the rock wall.
Something hits you but does no damage.
You feel less confused.
A magic dart appears from out of thin air!
The magic dart hits you.
* * * LOW HITPOINT WARNING * * *
Found a ration.
You are confused.
You bump into the rock wall.
Something tries to affect you, but you resist.
A puff of flame appears from out of thin air!
The puff of flame hits you.
You die...

.........########...#.#
.......(.............#
.##...##.########...##
##.....# #{..## ####..#
#.##.# #..# #.# #.#
.######..# #.# #.#
.........# #.# ##
#######.## #@#
........# #%# #########
#.# # ... # #.# # #.. #
###


There were no monsters in sight!

Vanquished Creatures
  4 adders (D:2)
  A gnoll (D:1)
  2 bats (D:3)
  A goblin (D:2)
  2 hobgoblins (D:2)
  3 jackals (D:2)
  A quokka (D:3)
  A frilled lizard (D:3)
  2 kobolds
  A rat (D:2)
18 creatures vanquished.

Notes
Turn   | Place    | Note
-------+----------+-------------------------------------------
     0 | D:1      | Lanoc the Draconian Gladiator began the quest for the Orb.
     0 | D:1      | Reached XP level 1. HP: 17/17 MP: 1/1
    36 | D:1      | Reached XP level 2. HP: 18/25 MP: 2/2
    89 | D:2      | Reached XP level 3. HP: 23/30 MP: 3/3
   433 | D:2      | Reached skill level 4 in Axes
   605 | D:3      | Noticed Sigmund
   637 | D:3      | Gained mutation: You are clumsy. (Dex -2) [potion of
                  | mutation]
   637 | D:3      | Gained mutation: You evolve. [potion of mutation]
   637 | D:3      | Gained mutation: Your body sometimes deteriorates upon
                  | taking damage. [potion of mutation]
   637 | D:3      | Gained mutation: Your mind is acute. (Int +2) [potion of
                  | mutation]
   659 | D:3      | Killed from afar by Sigmund

Levels and vault maps discovered:
D:1:      wander_arrival_estate, layout_loops_ring,
          chequers_serial_rivers_large_a
D:2:      layout_loops_cross
D:3:      layout_loops_corners, first_ration, uniq_sigmund, uniq_jessica

Skill      XL: |  1  2  3 |
---------------+----------+-----
Dodging        | 3 |  3.1
Axes           | 4 |  4.0
Fighting       | 3 |  3.0
Throwing       | |  1.7

Action                   || total
-------------------------++-------
Melee: War axe           ||    66
       Tailslap          ||     4
Throw: Throwing net      ||     3
  Use: Potion            ||     1
 Stab: Sleeping          ||     1
Armor: Skin              ||    30
Dodge: Dodged            ||    60

Table legend:
 A = Non-vault XP
 B = Vault XP
 C = Vault XP percentage of total XP
 D = Non-vault monster count
 E = Vault monster count
 F = Vault count percentage of total count
                 A         B        C        D         E       F
            +---------+---------+-------+---------+---------+-------
      Total |      90 |       0 |   0.0 |      18 |       0 |   0.0
            +---------+---------+-------+---------+---------+-------
        D:1 |      13 |       0 |   0.0 |       1 |       0 |   0.0
        D:2 |      68 |       0 |   0.0 |      12 |       0 |   0.0
        D:3 |       9 |       0 |   0.0 |       5 |       0 |   0.0
            +---------+---------+-------+---------+---------+-------
